 Dungeon Crawl Stone Soup version 0.31-a0-1612-g4aaf141 (webtiles) character file.

Game seed: 12079218047507504812

2684 PidgeyThePirate the Slicer (level 9, -16/68 HPs)
             Began as a Demonspawn Chaos Knight on Jan 9, 2024.
             Was a Plaything of Xom.
             Demolished by a two-headed ogre
             ... wielding a +0 giant club
              (23 damage)
             ... on level 7 of the Dungeon.
             The game lasted 00:12:31 (6154 turns).

PidgeyThePirate the Slicer (DsCK)                   Turns: 6154, Time: 00:12:31

Health: -16/68     AC: 10    Str: 23    XL:     9   Next: 37%
Magic:  9/9        EV: 10    Int: 19    God:    Xom [......]
Gold:   398        SH:  0    Dex:  8    Spells: 8/8 levels left

rFire   . . .        s - +4 short sword
rCold   + . .        x - orb {mayhem}
rNeg    . . .        p - +0 scale mail {rC+}
rPois   .            (helmet restricted)
rElec   .            m - +0 cloak
rCorr   .            k - +0 pair of gloves
SInv    .            (no boots)
Will    .....        (no amulet)
Stlth   ++           (no ring)
HPRegen 0.31/turn    (no ring)
MPRegen 0.11/turn

%: mayhem
@: mighty
A: hooves 2, thin skeletal structure 1, powered by pain 1, spiny 2, beak, clever
2, clumsy 1, screaming 1, strong 2, wild magic 1, devolution 1
a: Renounce Religion


You were on level 7 of the Dungeon.
You worshipped Xom.
You were a very special plaything of Xom.
You visited 1 branch of the dungeon, and saw 8 of its levels.

You collected 398 gold pieces.

Inventory:

Hand Weapons
 a - a +0 short sword of chaos
 s - a +4 short sword (weapon)
Armour
 b - a +2 leather armour
 k - a +0 pair of gloves (worn)
 m - a +0 cloak (worn)
 p - a +0 scale mail of cold resistance (worn)
 u - a +0 helmet
 x - an orb of mayhem (worn)
Wands
 n - a wand of roots (9)
Scrolls
 c - a scroll of butterflies
 d - 3 scrolls of revelation
 e - a scroll of identify
 f - 2 scrolls of enchant weapon {unknown}
 g - a scroll of poison
 h - a scroll of immolation {unknown}
 i - a scroll of amnesia {unknown}
 j - 2 scrolls of vulnerability {unknown}
 l - a scroll of brand weapon {unknown}
 o - 2 scrolls of enchant armour
 r - a scroll of blinking {unknown}
 t - 4 scrolls of teleportation {unknown}
 y - a scroll of fear {unknown}
Potions
 v - a potion of resistance
 w - 2 potions of enlightenment


   Skills:
 + Level 5.2 Fighting
 * Level 9.0 Short Blades
 + Level 5.6 Armour
 + Level 3.4 Dodging
 + Level 3.0 Stealth


You had 8 spell levels left.
You didn't know any spells.
Your spell library contained the following spells:

 Spells                   Type           Power      Damage    Failure   Level
 Static Discharge         Conj/Air       0%         3-3/arc   67%         2
 Hailstorm                Conj/Ice       0%         3d5       87%         3
 Summon Ice Beast         Ice/Summ       0%         N/A       87%         3
 Airstrike                Air            0%         2d(0-16)  99%         4
 Ignite Poison            Fire/Alch      0%         N/A       99%         4
 Summon Lightning Spire   Summ/Air       0%         N/A       99%         4
 Fireball                 Conj/Fire      0%         3d3       100%        5
 Sculpt Simulacrum        Ice/Alch       0%         N/A       100%        6
 Fire Storm               Conj/Fire      0%         5d1       100%        9


Dungeon Overview and Level Annotations

Branches:
Dungeon (8/15)             Temple (0/1) D:4
   Lair: D:8-11

Altars:
Makhleb
Ru
Trog
Uskayaw

Shops:
D:2 [   D:7 ?


Innate Abilities, Weirdness & Mutations

You have hoof-like feet.
You have a somewhat thin skeletal structure. (Dex +2, Stealth+)
You sometimes gain a little power by taking damage.
You are mostly covered in sharp spines.
You have a beak for a mouth.
Your mind is very acute. (Int +8, Str/Dex -2)
You are clumsy. (Dex -2)
You occasionally shout uncontrollably at your foes.
Your muscles are very strong. (Str +8, Int/Dex -2)
Your spells are a little harder to cast, but a little more powerful.
You have hidden genetic defects.


Message History

You feel very sick.
You feel sick.
You feel sick.
There is a stone staircase leading up here.
You feel sick.
You feel sick. The gnoll closely misses you.
You feel sick. The gnoll attacks as it pursues you!
The gnoll closely misses you.
You feel sick. The gnoll attacks as it pursues you!
The gnoll hits you from afar with a +2 spear of freezing.
There is a stone staircase leading up, spattered with blood here.
You feel sick. The gnoll closely misses you.
You closely miss the gnoll. You peck the gnoll.
You kill the gnoll!
You feel sick.
You are no longer poisoned.
You see here a +2 spear of freezing.
A two-headed ogre comes into view.
It is wielding a +0 giant club and a +0 giant spiked club.
The two-headed ogre shouts in stereo!
There is a stone staircase leading up, spattered with blood here.
You climb upwards.
There is a stone staircase leading down here.
HP restored.
Done exploring.
You climb downwards.
The two-headed ogre hits you with a +0 giant club!
You focus on the pain.
You feel very mighty all of a sudden.
The two-headed ogre hits you with a +0 giant spiked club!!
There is a stone staircase leading up, spattered with blood here.
The two-headed ogre is struck by your spines.
The two-headed ogre barely misses you.
The two-headed ogre hits you with a +0 giant spiked club!!
* * * LOW HITPOINT WARNING * * *
You climb upwards.
There is a stone staircase leading down here.
The two-headed ogre attacks as it pursues you!
The two-headed ogre hits you with a +0 giant club!!
You die...
Xom cackles wildly!

...............'....# #.....
'####..#########....#############
...##..#### ###...............
....#.....# #...............
....#.....# #...............
#..###...#########...............
#..###...##...........###########
+.........#......O....#..).......
#.........#.....@.....'..........
##..#######...........#########'#
##..##.#.....########............
.......#.....#......#............
.......#...).#......#............
####...#.....#..##..#............
####...#....##..##..#####....##'#
...#...#....+........#..#....#...
...#...#....#........#..#....#...


You could see a two-headed ogre.

Vanquished Creatures
  A hornet (D:6)
  A steam dragon (D:6)
  An ice beast (D:5)
  4 ogres
  2 phantoms
  2 kobold brigands (D:7)
  2 bullfrogs
  A gnoll sergeant (D:8)
  2 scorpions
  6 wights (D:4)
  5 killer bees (D:7)
  A bombardier beetle (D:6)
  A howler monkey (D:6)
  2 hounds
  4 orc priests
  A gnoll bouda (D:7)
  A sleepcap (D:4)
  4 iguanas
  3 orc wizards
  4 gnolls
  6 adders
  A shadow imp (D:5)
  2 dart slugs (D:2)
  11 orcs
  8 endoplasms
  3 giant cockroaches
  5 goblins
  8 hobgoblins
  3 jackals (D:1)
  A quokka (D:2)
  4 ball pythons
  2 bats
  A frilled lizard (D:2)
  8 kobolds
  5 rats
116 creatures vanquished.

Vanquished Creatures (collateral kills)
  A centaur (D:5)
  A wight (D:4)
  A hound (D:6)
  5 gnolls
  4 kobolds (D:7)
12 creatures vanquished.

Vanquished Creatures (others)
  A gnoll (D:7)
1 creature vanquished.

Grand Total: 129 creatures vanquished

Notes
Turn   | Place    | Note
-------+----------+-------------------------------------------
     0 | D:1      | PidgeyThePirate the Demonspawn Chaos Knight began the quest
                  | for the Orb.
     0 | D:1      | Reached XP level 1. HP: 18/18 MP: 1/1
    86 | D:1      | Reached skill level 1 in Dodging
   156 | D:1      | Reached skill level 3 in Short Blades
   159 | D:1      | XOM: potion effect (attraction)
   162 | D:1      | Gained mutation: You have large cloven feet. [demonic
                  | ancestry]
   162 | D:1      | Reached XP level 2. HP: 22/24 MP: 2/2
   338 | D:1      | XOM: cloud trail
   672 | D:2      | XOM: 2-stop teleportation journey
   680 | D:2      | XOM: cast spell 'Summon Small Mammal'
   683 | D:2      | Gained mutation: You are partially covered in sharp spines.
                  | [demonic ancestry]
   683 | D:2      | Reached XP level 3. HP: 17/29 MP: 3/3
   850 | D:2      | XOM: silly message
  1035 | D:2      | Found Eqatew's Armour Emporium.
  1453 | D:3      | Found a burning altar of Makhleb.
  1789 | D:3      | XOM: cloud trail
  2066 | D:4      | Found a hide-covered altar of Uskayaw.
  2075 | D:4      | XOM: noise
  2080 | D:4      | Gained mutation: You sometimes gain a little power by
                  | taking damage. [demonic ancestry]
  2080 | D:4      | Reached XP level 4. HP: 33/35 MP: 4/4
  2148 | D:4      | Noticed an ogre
  2155 | D:4      | HP: 1/35 [ogre/+0 giant club (19)]
  2156 | D:4      | XOM: enchant monster (bad)
  2168 | D:4      | Killed an ogre
  2169 | D:4      | Reached skill level 4 in Short Blades
  2169 | D:4      | Reached XP level 5. HP: 19/41 MP: 5/5
  2246 | D:4      | XOM: god gift: book of Storms
  2279 | D:4      | Found a staircase to the Ecumenical Temple.
  2337 | D:4      | Identified the +0 spear of the Slashing Gods {antimagic,
                  | Int+2 SInv}
  2371 | D:4      | XOM: 1-stop teleportation journey
  2602 | D:4      | XOM: cast spell 'Olgreb's Toxic Radiance'
  2614 | D:4      | Reached XP level 6. HP: 36/47 MP: 6/6
  2616 | D:4      | Reached skill level 5 in Short Blades
  2621 | D:4      | XOM: potion effect (might)
  2627 | D:4      | XOM: potion effect (brilliance)
  2633 | D:4      | XOM: potion effect (haste)
  2736 | D:4      | XOM: silly message
  2755 | D:4      | Reached skill level 1 in Stealth
  2803 | D:4      | XOM: enchant monster (bad)
  2811 | D:4      | XOM: 1-stop teleportation journey
  2856 | D:4      | XOM: cloud trail
  2920 | D:4      | XOM: chaos cloud
  3007 | D:4      | Gained mutation: You have hoof-like feet. [demonic
                  | ancestry]
  3007 | D:4      | Reached XP level 7. HP: 37/53 MP: 7/7
  3017 | D:4      | Reached skill level 6 in Short Blades
  3204 | D:5      | Entered Level 5 of the Dungeon
  3241 | D:5      | Found a sacrificial altar of Ru.
  3466 | D:5      | XOM: enchant monster (bad)
  3593 | D:5      | XOM: summons friendly white imp
  3598 | D:5      | Gained mutation: You have a somewhat thin skeletal
                  | structure. (Dex +2, Stealth+) [demonic ancestry]
  3598 | D:5      | Reached XP level 8. HP: 60/60 MP: 8/8
  3633 | D:5      | XOM: 1-stop teleportation journey
  3637 | D:5      | Reached skill level 7 in Short Blades
  3710 | D:5      | XOM: scenery: summon butterflies
  4057 | D:6      | Found a bloodstained altar of Trog.
  4077 | D:6      | XOM: give mutations
  4077 | D:6      | Gained mutation: Your muscles are strong. (Str +4, Int/Dex
                  | -1) [Xom's grace]
  4077 | D:6      | Gained mutation: Your mind is acute. (Int +4, Str/Dex -1)
                  | [Xom's grace]
  4077 | D:6      | Gained mutation: Your mind is very acute. (Int +8, Str/Dex
                  | -2) [Xom's grace]
  4077 | D:6      | Gained mutation: You have a beak for a mouth. [Xom's grace]
  4084 | D:6      | Noticed Jeremiah
  4091 | D:6      | XOM: summons friendly white imp
  4094 | D:6      | XOM: cast spell 'Leda's Liquefaction'
  4100 | D:6      | XOM: cast spell 'Death Channel'
  4101 | D:6      | Jeremiah changed into Jeremiah the howler monkey
  4101 | D:6      | Noticed Jeremiah
  4101 | D:6      | XOM: polymorph Jeremiah -> Jeremiah the howler monkey
  4104 | D:6      | Killed Jeremiah the howler monkey
  4191 | D:6      | XOM: confuse monster(s)
  4202 | D:6      | Reached skill level 8 in Short Blades
  4204 | D:6      | Reached skill level 5 in Armour
  4259 | D:6      | Got the Almanac of Conflagration
  4432 | D:6      | XOM: 6-stop teleportation journey
  4513 | D:6      | Noticed a hornet
  4516 | D:6      | XOM: give mutations
  4516 | D:6      | Gained mutation: You occasionally shout uncontrollably at
                  | your foes. [Xom's mischief]
  4516 | D:6      | Gained mutation: You are frail. (-10% HP) [Xom's mischief]
  4516 | D:6      | Gained mutation: You passively map a small area around you.
                  | [Xom's mischief]
  4523 | D:6      | Killed a hornet
  4524 | D:6      | Gained mutation: You are mostly covered in sharp spines.
                  | [demonic ancestry]
  4524 | D:6      | Reached XP level 9. HP: 57/60 MP: 9/9
  4624 | D:6      | Reached skill level 5 in Fighting
  4675 | D:6      | XOM: summons 4 hostile demons
  4703 | D:6      | XOM: give mutations
  4703 | D:6      | Gained mutation: Your muscles are very strong. (Str +8,
                  | Int/Dex -2) [Xom's mischief]
  4703 | D:6      | Lost mutation: You are frail. (-10% HP) [Xom's mischief]
  4839 | D:7      | XOM: enchant monster (good)
  5097 | D:7      | XOM: summons 1 hostile demon
  5267 | D:7      | XOM: give mutations
  5267 | D:7      | Gained mutation: You have hidden genetic defects. [Xom's
                  | mischief]
  5267 | D:7      | Gained mutation: You are clumsy. (Dex -2) [Xom's mischief]
  5267 | D:7      | Gained mutation: Your spells are a little harder to cast,
                  | but a little more powerful. [Xom's mischief]
  5267 | D:7      | Lost mutation: You passively map a small area around you.
                  | [Xom's mischief]
  5573 | D:7      | Found Hefaj's Magic Scroll Boutique.
  6019 | D:8      | Reached skill level 9 in Short Blades
  6056 | D:8      | Noticed a two-headed ogre
  6154 | D:7      | Demolished by a two-headed ogre

Illustrated notes

Levels and vault maps discovered:
D:1:      tekkud_arrival_beachfront_property, layout_rooms
D:2:      layout_loops_ring, serial_shops, nicolae_shop_pleasant_corner_grove
D:3:      layout_loops_ring, lightli_temple_of_fire, nicolae_eternal_life
D:4:      layout_gridville, overflow_temple_1_default,
          minmay_temple_entry_arrows
D:5:      layout_loops_cross, nicolae_overflow_crystal_walls,
          minmay_statues_item, kennysheep_generic_room_10
D:6:      layout_rooms, mainiacjoe_overflow_boulevard, zin_academy, st_stairs_4,
          uniq_jeremiah
D:7:      layout_gridville, tso_metal_star, serial_shops,
          nicolae_shop_back_alley_shop
D:8:      layout_rooms, erik_lair_dragon

Skill      XL: |  1  2  3  4  5  6  7  8  9 |
---------------+----------------------------+-----
Dodging        | 1 2 3 |  3.4
Short Blades   | 3 4 5 6 8 9 |  9.0
Armour         | 2 3 4 5 |  5.6
Stealth        | 1 2 3 |  3.0
Fighting       | 4 5 |  5.2

Action                     |  1- 3 |  4- 6 |  7- 9 || total
---------------------------+-------+-------+-------++-------
  Melee: Short sword       |    97 |    65 |   221 ||   383
         Punch             |     2 |     1 |     1 ||     4
         Kick              |    15 |    23 |    63 ||   101
         Peck              |       |       |    23 ||    23
    Use: Potion            |       |     7 |     5 ||    12
         Scroll            |       |       |     5 ||     5
   Stab: Sleeping          |     1 |       |       ||     1
         Paralysed         |       |     1 |       ||     1
         Held in net/web   |       |     1 |       ||     1
         Invisible         |       |       |     2 ||     2
         Distracted        |       |       |     2 ||     2
 Armour: Leather armour    |    56 |       |       ||    56
         Scale mail        |     7 |    39 |   140 ||   186
  Dodge: Dodged            |    63 |    18 |    86 ||   167

Table legend: (Time is in decaauts)
 A = Elapsed time spent in this place.
 B = Non-inter-level travel time spent in this place.
 C = Inter-level travel time spent in this place.
 D = Time resting spent in this place.
 E = Time spent auto-exploring this place.
 F = Levels seen in this place.
 G = Mean time per level.
                   A        B        C        D        E       F      G
               +--------+--------+--------+--------+--------+-----+--------+
         Total |   6007 |   5775 |    232 |      0 |   4688 |   8 |  750.9 |
       Dungeon |   6007 |   5775 |    232 |      0 |   4688 |   8 |  750.9 |
               +--------+--------+--------+--------+--------+-----+--------+

Top non-repeatable levels by time:
     D:7: 1285 daAuts
     D:4: 1192 daAuts
     D:5: 812 daAuts
     D:3: 744 daAuts
     D:2: 726 daAuts
     D:6: 705 daAuts
     D:1: 499 daAuts
     D:8: 41 daAuts
